 Dungeon Crawl Stone Soup version 0.29-a0-617-g7a6b98fccd (webtiles) character file.

Game seed: 18176274825255838286

186 fernweh the Slasher (level 5, -1/41 HPs)
             Began as a Gnoll Wanderer on June 18, 2022.
             Slain by Ijyb
             ... wielding a +0 club
              (4 damage)
             ... on level 3 of the Dungeon.
             The game lasted 00:13:46 (3264 turns).

fernweh the Slasher (Gnoll Wanderer)                Turns: 3264, Time: 00:13:47

Health: -1/41      AC:  2    Str: 13    XL:     5   Next: 66%
Magic:  7/9        EV: 13    Int: 13    God:
Gold:   96         SH:  5    Dex: 10    Spells: 7/10 levels left

rFire   . . .      SeeInvis +   v - +0 short sword (flame)
rCold   . . .      Faith    .   (no shield)
rNeg    . . .      Spirit   .   c - +0 robe
rPois   .          Reflect  +   (no helmet)
rElec   .          Harm     .   (no cloak)
rCorr   .          Rampage  .   (no gloves)
Will    .....                   (no boots)
Stlth   ++........              j - amulet of reflection
HPRegen 0.13/turn               l - ring of see invisible
MPRegen 0.11/turn               (no ring)

@: no status effects
A: fangs 1, strong nose, distributed training
a: no special abilities


You were on level 3 of the Dungeon.
You visited 1 branch of the dungeon, and saw 3 of its levels.

You collected 96 gold pieces.

Inventory:

Hand Weapons
 a - a +1 falchion
 v - a +0 short sword of flaming (weapon)
Missiles
 e - a throwing net
 p - 82 stones (quivered)
Armour
 c - a +0 robe (worn)
Jewellery
 j - an amulet of reflection (around neck)
 l - a ring of see invisible (left hand)
 t - a ring of ice
 w - a ring of protection from cold
Scrolls
 b - a scroll of fear
 d - a scroll of amnesia
 g - a scroll of fog {unknown}
 k - 2 scrolls of immolation
 o - 2 scrolls of teleportation
 r - a scroll of blinking {unknown}
 s - a scroll of brand weapon {unknown}
Potions
 f - a potion of curing
 i - a potion of ambrosia {unknown}
 n - a potion of cancellation {unknown}
 q - a potion of heal wounds
 u - a potion of magic {unknown}


   Skills:
 + Level 3.0 Fighting
 + Level 1.6 Short Blades
 + Level 6.7 Long Blades
 + Level 1.6 Axes
 + Level 1.6 Maces & Flails
 + Level 1.6 Polearms
 + Level 1.6 Staves
 + Level 1.6 Slings
 + Level 1.6 Bows
 + Level 1.6 Crossbows
 + Level 1.6 Throwing
 + Level 3.0 Armour
 + Level 4.8 Dodging
 + Level 1.6 Stealth
 + Level 1.6 Shields
 + Level 1.6 Unarmed Combat
 + Level 3.2 Spellcasting
 + Level 1.2 Conjurations
 + Level 1.2 Hexes
 + Level 1.2 Summonings
 + Level 1.2 Necromancy
 + Level 4.0 Translocations
 + Level 1.2 Transmutations
 + Level 1.2 Fire Magic
 + Level 1.2 Ice Magic
 + Level 1.2 Air Magic
 + Level 1.2 Earth Magic
 + Level 1.2 Poison Magic
 + Level 1.8 Invocations
 + Level 1.6 Evocations


You had 7 spell levels left.
You knew the following spells:

 Your Spells              Type           Power      Damage    Failure   Level
a - Apportation           Tloc           24%        N/A       4%          1
b - Ensorcelled Hibernat  Hex/Ice        10%        N/A       21%         2

Your spell library contained the following spells:

 Spells                   Type           Power      Damage    Failure   Level
 Lesser Beckoning         Tloc           12%        N/A       13%         3
 Passwall                 Tmut/Erth      4%         N/A       21%         2
 Sublimation of Blood     Necr           5%         N/A       21%         2
 Swiftness                Air            5%         N/A       36%         3
 Iskenderun's Mystic Bla  Conj/Tloc      8%         2d4       58%         4
 Fulminant Prism          Conj/Hex       2%         3d6       78%         4
 Petrify                  Tmut/Erth      5%         N/A       78%         4
 Alistair's Intoxication  Tmut/Pois      3%         N/A       98%         5
 Borgnjor's Vile Clutch   Necr/Erth      2%         N/A       98%         5
 Irradiate                Conj/Tmut      2%         3d14      98%         5
 Lee's Rapid Deconstruct  Erth           2%         3d6*      98%         5
 Eringya's Noxious Bog    Tmut/Pois      2%         N/A       100%        6


Dungeon Overview and Level Annotations

Branches:
Dungeon (3/15)

Altars:

Annotations:
D:3 Ijyb, Sigmund


Innate Abilities, Weirdness & Mutations

You have very sharp teeth.
Your uncanny sense of smell can sniff out nearby items.
Your experience applies equally to all skills.


Message History

Ijyb hits you with a +0 club.
You barely miss Ijyb. You bite Ijyb, but do no damage.
Ijyb is heavily wounded.
Ijyb hits you with a +0 club.
* * * LOW HITPOINT WARNING * * *
You barely miss Ijyb.
Ijyb is heavily wounded.
You block Ijyb's attack.
Casting: Ensorcelled Hibernation (safe; 21% risk of failure)
Confirm with . or Enter, or press ? or * to list all spells.
Aiming: Ensorcelled Hibernation (safe; 21% risk of failure)
Press: ? - help, Shift-Dir - straight line, f/p - Ijyb
Aim: Ijyb, wielding a +0 club, wearing a +0 chain mail and quivering stones (heavily wounded, chance to affect: 48%) Ijyb looks drowsy...
The helpless Ijyb fails to defend herself.
You hit Ijyb but do no damage.
Ijyb is heavily wounded.
Ijyb hits you with a +0 club.
* * * LOW HITPOINT WARNING * * *
You hit Ijyb but do no damage.
Ijyb is heavily wounded.
Ijyb barely misses you.
You hit Ijyb but do no damage.
Ijyb is heavily wounded.
Ijyb hits you with a +0 club.
* * * LOW HITPOINT WARNING * * *
You barely miss Ijyb.
Ijyb is heavily wounded.
Ijyb hits you with a +0 club.
* * * LOW HITPOINT WARNING * * *
You hit Ijyb but do no damage.
Ijyb is heavily wounded.
Ijyb barely misses you.
You barely miss Ijyb.
Ijyb is heavily wounded.
Ijyb barely misses you.
You closely miss Ijyb.
Ijyb is heavily wounded.
Ijyb hits you with a +0 club.
You die...

.## ##...................###
.# #...................'..
.# #...................###
.## #..................>'.#
..####..........<.........#.
..............#...........#
..........................#
....... ....#............#
....... ... #..@g.....)..#
....... .. #............#
....... . #............#
....... ##..!........#
....... .............#
....... ###.$..............
....... #................
......@ #.........[......
.....$. '................


You could see Ijyb.

Vanquished Creatures
  2 orc wizards (D:2)
  4 adders
  4 gnolls (D:3)
  3 worms (D:2)
  An orc (D:2)
  7 endoplasms
  2 goblins (D:3)
  5 hobgoblins
  3 jackals (D:3)
  3 quokkas
  8 ball pythons
  4 bats
  A frilled lizard (D:2)
  3 kobolds
  5 rats
55 creatures vanquished.

Notes
Turn   | Place    | Note
-------+----------+-------------------------------------------
     0 | D:1      | fernweh the Gnoll Wanderer began the quest for the Orb.
     0 | D:1      | fernweh set off with the following items: a +1 falchion, a
                  | scroll of fear, a +0 robe; and the following spell
                  | memorised: Apportation; and the following spells available
                  | to memorise: Lesser Beckoning, Iskenderun's Mystic Blast.
     0 | D:1      | Reached XP level 1. HP: 17/17 MP: 4/4
   662 | D:1      | Reached XP level 2. HP: 19/23 MP: 5/5
  1339 | D:2      | Reached XP level 3. HP: 27/28 MP: 7/7
  1452 | D:2      | Reached skill level 1 in Invocations
  1875 | D:2      | Reached skill level 1 in Short Blades
  1875 | D:2      | Reached skill level 1 in Axes
  1875 | D:2      | Reached skill level 1 in Maces & Flails
  1875 | D:2      | Reached skill level 1 in Polearms
  1875 | D:2      | Reached skill level 1 in Staves
  1875 | D:2      | Reached skill level 1 in Slings
  1875 | D:2      | Reached skill level 1 in Bows
  1875 | D:2      | Reached skill level 1 in Crossbows
  1875 | D:2      | Reached skill level 1 in Throwing
  1875 | D:2      | Reached skill level 1 in Stealth
  1875 | D:2      | Reached skill level 1 in Shields
  1875 | D:2      | Reached skill level 1 in Unarmed Combat
  1875 | D:2      | Reached skill level 1 in Evocations
  1951 | D:2      | Reached XP level 4. HP: 34/34 MP: 8/8
  1997 | D:2      | Reached skill level 1 in Conjurations
  1997 | D:2      | Reached skill level 1 in Hexes
  1997 | D:2      | Reached skill level 1 in Summonings
  1997 | D:2      | Reached skill level 1 in Necromancy
  1997 | D:2      | Reached skill level 1 in Transmutations
  1997 | D:2      | Reached skill level 1 in Fire Magic
  1997 | D:2      | Reached skill level 1 in Ice Magic
  1997 | D:2      | Reached skill level 1 in Air Magic
  1997 | D:2      | Reached skill level 1 in Earth Magic
  1997 | D:2      | Reached skill level 1 in Poison Magic
  2300 | D:3      | Noticed Ijyb
  2306 | D:2      | Reached XP level 5. HP: 38/40 MP: 9/9
  2409 | D:3      | Noticed Sigmund
  2493 | D:3      | Learned a level 2 spell: Ensorcelled Hibernation
  3072 | D:3      | Paralysed by Ijyb for 4 turns
  3077 | D:3      | Paralysed by Ijyb for 5 turns
  3087 | D:3      | Paralysed by Ijyb for 2 turns
  3261 | D:3      | HP: 2/41 [Ijyb/+0 club (3)]
  3264 | D:3      | Slain by Ijyb

Illustrated notes

Levels and vault maps discovered:
D:1:      shiori_arrival_elements, layout_basic, chequers_serial_rivers_marsh,
          minmay_misc_feat_pillars, minmay_misc_feat_iff
D:2:      layout_basic, nrook_campfire
D:3:      layout_basic, ebering_ecumenical_altar_sacrificial,
          kennysheep_decorative_pillar, feat_on_display, uniq_ijyb, uniq_sigmund

Skill      XL: |  1  2  3  4  5 |
---------------+----------------+-----
Invocations    | 1 |  1.8
Short Blades   | 1 |  1.6
Axes           | 1 |  1.6
Maces & Flails | 1 |  1.6
Polearms       | 1 |  1.6
Staves         | 1 |  1.6
Slings         | 1 |  1.6
Bows           | 1 |  1.6
Crossbows      | 1 |  1.6
Throwing       | 1 |  1.6
Stealth        | 1 |  1.6
Shields        | 1 |  1.6
Unarmed Combat | 1 |  1.6
Evocations     | 1 |  1.6
Spellcasting   | 3 |  3.2
Conjurations   | 1 |  1.2
Hexes          | 1 |  1.2
Summonings     | 1 |  1.2
Necromancy     | 1 |  1.2
Transmutations | 1 |  1.2
Fire Magic     | 1 |  1.2
Ice Magic      | 1 |  1.2
Air Magic      | 1 |  1.2
Earth Magic    | 1 |  1.2
Poison Magic   | 1 |  1.2
Fighting       | 3 |  3.0
Armour         | 3 |  3.0
Translocations | 4 |  4.0
Long Blades    | |  6.7
Dodging        | |  4.8

Action                   |  1- 3 |  4- 6 || total
-------------------------+-------+-------++-------
Melee: Falchion          |    83 |    54 ||   137
       Bite              |     3 |    18 ||    21
       Punch             |     1 |     2 ||     3
       Short sword       |       |    67 ||    67
Throw: Stone             |    16 |    24 ||    40
 Cast: Apportation       |     1 |       ||     1
       Ensorcelled Hiber |       |     5 ||     5
  Use: Scroll            |       |     4 ||     4
       Potion            |       |     4 ||     4
 Stab: Sleeping          |     2 |     2 ||     4
       Invisible         |       |     6 ||     6
Armor: Robe              |     8 |     8 ||    16
Dodge: Dodged            |    46 |    83 ||   129
Block: Other             |     9 |    29 ||    38
       Reflection        |       |     1 ||     1

Table legend: (Time is in decaauts)
 A = Elapsed time spent in this place.
 B = Non-inter-level travel time spent in this place.
 C = Inter-level travel time spent in this place.
 D = Time resting spent in this place.
 E = Time spent auto-exploring this place.
 F = Levels seen in this place.
 G = Mean time per level.
                   A        B        C        D        E       F      G
               +--------+--------+--------+--------+--------+-----+--------+
         Total |   3265 |   3240 |     25 |    632 |   1827 |   3 | 1088.3 |
       Dungeon |   3265 |   3240 |     25 |    632 |   1827 |   3 | 1088.3 |
               +--------+--------+--------+--------+--------+-----+--------+

Top non-repeatable levels by time:
     D:2: 1537 daAuts
     D:1: 958 daAuts
     D:3: 770 daAuts
